 Dungeon Crawl Stone Soup version 0.28.0-53-g5a82cb258f (webtiles) character file.

Game seed: 11913786100950332623

1460 quixfox the Cleaver (level 8, 0/71 (73) HPs)
             Began as a Minotaur Fighter on July 12, 2022.
             Slain by a wight
             ... wielding a +2 dire flail
              (4 damage)
             ... on level 5 of the Dungeon.
             The game lasted 00:07:25 (5953 turns).

quixfox the Cleaver (Minotaur Fighter)              Turns: 5953, Time: 00:07:25

HP:   0/71 (73)     AC: 12    Str: 23    XL:     8   Next: 48%
MP:   7/7           EV:  7    Int:  5    God:
Gold: 41            SH:  4    Dex: 10    Spells: 7/7 levels left

rFire   . . .      SeeInvis +   a - +1 war axe
rCold   . . .      Faith    .   c - +0 buckler
rNeg    . . .      Spirit   .   r - +0 chain mail
rPois   .          Reflect  .   b - +2 hat {SInv}
rElec   .          Harm     .   (no cloak)
rCorr   .          Rampage  .   (no gloves)
Will    .....                   (no boots)
Stlth   ..........              (no amulet)
HPRegen 0.21/turn               (no ring)
MPRegen 0.10/turn               (no ring)

@: lightly drained
A: horns 2, retaliatory headbutt
a: no special abilities


You were on level 5 of the Dungeon.
You visited 1 branch of the dungeon, and saw 6 of its levels.

You collected 251 gold pieces.
You spent 210 gold pieces at shops.

Inventory:

Hand Weapons
 a - a +1 war axe (weapon)
Armour
 b - a +2 hat of see invisible (worn)
 c - a +0 buckler (worn)
 r - a +0 chain mail (worn)
Jewellery
 g - a ring of flight
Scrolls
 f - 2 scrolls of fog
 k - a scroll of identify {unknown}
 n - a scroll of immolation {unknown}
 o - 2 scrolls of enchant weapon
 q - a scroll of blinking {unknown}
Potions
 d - a potion of might
 e - a potion of attraction
 h - a potion of degeneration {unknown}
 j - a potion of berserk rage {unknown}
 l - a potion of invisibility
 m - a potion of haste {unknown}
 p - a potion of curing


   Skills:
 + Level 7.2 Fighting
 * Level 9.3 Axes
 + Level 7.3 Armour
 - Level 3.6 Shields


You had 7 spell levels left.
You didn't know any spells.
Your spell library contained the following spells:

 Spells                   Type           Power      Damage    Failure   Level
 Beastly Appendage        Tmut           0%         N/A       99%         1
 Summon Small Mammal      Summ           0%         N/A       99%         1
 Corpse Rot               Necr/Air       0%         N/A       100%        2
 Poisonous Vapours        Pois/Air       0%         N/A       100%        2
 Scorch                   Fire           0%         2d5       100%        2
 Wereblood                Tmut           0%         N/A       100%        2
 Call Canine Familiar     Summ           0%         N/A       100%        3
 Spider Form              Tmut/Pois      0%         N/A       100%        3
 Summon Guardian Golem    Hex/Summ       0%         N/A       100%        3
 Flame Wave               Conj/Fire      0%         2d4       100%        4
 Summon Cactus Giant      Summ           0%         N/A       100%        6


Dungeon Overview and Level Annotations

Branches:
Dungeon (6/15)
 Temple: D:4-7

Altars:
Ashenzari
Dithmenos
Qazlal
Wu Jian
Zin

Shops:
D:5 [

Annotations:
D:5 2 transporters, mortz's ghost, novice DgCj


Innate Abilities, Weirdness & Mutations

You have a pair of horns on your head.
You reflexively headbutt those who attack you in melee.


Message History

The wight hits you with a +1 dire flail of freezing!
The wight freezes you. The adder bites you but does no damage.
You climb upwards.
Level annotation: 2 transporters, mortz's ghost, novice DgCj
There is a stone staircase leading down, spattered with blood here.
You closely miss the wight. You barely miss the adder. The adder bites you.
You are poisoned.
The adder poisons you! The wight hits you but does no damage.
You closely miss the wight. You slash the adder!
You kill the adder!
You feel sick. The wight hits you but does no damage.
You slash the wight!
The wight is severely damaged.
You barely miss the wight.
You feel sick. The wight hits you but does no damage.
You block the wight's attack.
You hit the wight but do no damage. Your headbutt misses the wight.
The wight is severely damaged.
You closely miss the wight.
You feel sick.
The wight hits you with a +2 dire flail!
The wight hits you but does no damage.
You closely miss the wight.
The wight is severely damaged.
You hit the wight but do no damage.
You feel sick. The wight hits you but does no damage.
The wight hits you with a +1 dire flail of freezing!
The wight freezes you.
* * * LOW HITPOINT WARNING * * *
You slash the wight!
You destroy the wight!
You barely miss the wight.
You feel sick.
You are no longer poisoned.
The wight hits you but does no damage.
The wight hits you with a +2 dire flail.
* * * LOW HITPOINT WARNING * * *
You hit the wight but do no damage. You headbutt the wight.
The wight is moderately damaged.
The wight hits you with a +2 dire flail!
* * * LOW HITPOINT WARNING * * *
You feel drained.
You die...

#.# #.# #.## #.# #.# #.## #.#
### #.# #.## #.#
##.##########.######.##
#.#######......................
#.##.........####.##########.##
#.##.##...........# #.#
#.##.###.....###### #.##
##.##.# ##....)@z.# #...
##...#.# ##.#.###.# ####
#.###..#####.#.# #.# #.#
#......#...# #.##
#.###..###.###.# #..#
#....#.###.###.# ##.#
#.#.##........^# #.#
#......###.###.####.#
#.#.##.###.#.....##.# #


You could see a wight.

Vanquished Creatures
  A meliai zombie (D:5)
  A water moccasin (D:5)
  2 black bears
  An ogre (D:5)
  A necrophage (D:5)
  A centaur (D:4)
  3 killer bees (D:4)
  4 wights
  A jelly (D:3)
  2 orc wizards (D:5)
  6 iguanas
  A hound skeleton (D:5)
  7 adders
  An ufetubus (D:5)
  3 adder skeletons (D:4)
  2 worms (D:3)
  5 dart slugs
  13 orcs
  3 ball pythons (D:1)
  10 endoplasms
  2 giant cockroaches
  16 goblins
  8 hobgoblins
  11 kobolds
  4 quokkas
  6 bats
  7 frilled lizards
  3 rats
125 creatures vanquished.

Vanquished Creatures (others)
  9 plants (D:5)
9 creatures vanquished.

Grand Total: 134 creatures vanquished

Notes
Turn   | Place    | Note
-------+----------+-------------------------------------------
     0 | D:1      | quixfox the Minotaur Fighter began the quest for the Orb.
     0 | D:1      | Reached XP level 1. HP: 19/19 MP: 0/0
    68 | D:1      | Found a faded altar of an unknown god.
   260 | D:1      | Reached XP level 2. HP: 27/27 MP: 1/1
   279 | D:1      | Reached skill level 3 in Axes
   961 | D:2      | Reached XP level 3. HP: 33/33 MP: 2/2
  1206 | D:2      | Reached skill level 4 in Axes
  1390 | D:2      | You fall into a shaft and drop 1 floor!
  1491 | D:3      | Reached XP level 4. HP: 36/41 MP: 3/3
  2209 | D:3      | Reached XP level 5. HP: 15/47 MP: 4/4
  3072 | D:4      | Reached skill level 5 in Axes
  3083 | D:4      | Reached skill level 5 in Fighting
  3083 | D:4      | Reached skill level 5 in Armour
  3088 | D:4      | Reached XP level 6. HP: 14/56 MP: 5/5
  3922 | D:4      | Reached skill level 6 in Axes
  4170 | D:4      | Found a shadowy altar of Dithmenos.
  4170 | D:4      | Found a broken altar of Ashenzari.
  4200 | D:4      | Found an ornate altar of the Wu Jian Council.
  4319 | D:5      | Entered Level 5 of the Dungeon
  4416 | D:5      | Found a transporter.
  4416 | D:5      | Noticed mortz's ghost (novice DgCj)
  4417 | D:5      | Found a transporter.
  4438 | D:5      | Found a glowing silver altar of Zin.
  4484 | D:5      | Reached XP level 7. HP: 59/62 MP: 6/6
  4507 | D:5      | Found Daenoopec's Armour Boutique.
  4628 | D:5      | Reached skill level 7 in Axes
  5303 | D:5      | Bought a +2 hat of see invisible for 210 gold pieces
  5368 | D:5      | Reached skill level 8 in Axes
  5368 | D:5      | Reached XP level 8. HP: 66/71 MP: 7/7
  5694 | D:6      | Found a stormy altar of Qazlal.
  5726 | D:6      | Reached skill level 9 in Axes
  5953 | D:5      | Slain by a wight

Illustrated notes

Levels and vault maps discovered:
D:1:      dpeg_arrival_oval, layout_basic,
          hellmonk_ecumenical_altar_heavens_door
D:2:      layout_basic
D:3:      layout_loops_corners, amcnicky_mini_pool_small
D:4:      minmay_clustersquares, layout_loops_ring,
          gammafunk_temple_overflow_elements,
          nicolae_wu_jian_immortal_techniques, nicolae_elevator_lobby_plus
D:5:      layout_loops_ring, zin_scriptorium, serial_shops,
          nicolae_lakefront_shop, gammafunk_ghost_arena, minmay_lizard_king
D:6:      layout_basic, grunt_qazlal_clouds, minmay_temple_entry_mist,
          nicolae_figureground_sparkle

Skill      XL: |  1  2  3  4  5  6  7  8 |
---------------+-------------------------+-----
Axes           | 3 4 5 6 8 9 |  9.3
Fighting       | 4 5 6 7 |  7.2
Armour         | 4 5 6 7 |  7.3
Shields        | |  3.6

Action                   |  1- 3 |  4- 6 |  7- 9 || total
-------------------------+-------+-------+-------++-------
Melee: War axe           |    86 |   143 |    92 ||   321
       Headbutt          |    12 |    19 |    16 ||    47
  Use: Potion            |       |     3 |       ||     3
       Scroll            |       |     2 |     1 ||     3
Armor: Scale mail        |    43 |    63 |    17 ||   123
       Chain mail        |       |       |    34 ||    34
Dodge: Dodged            |    28 |    63 |    38 ||   129
Block: Buckler           |    22 |    34 |    26 ||    82
